MLB
PITTSBURGH PIRATES @ MINNESOTA TWINS
07/26/2045
 
TOP OF THE 1ST
Pittsburgh Pirates batting - Pitching for Minnesota Twins : LHP Michael Colin
Pitching: LHP Michael Colin
Batting: SHB Marvin McAleer 0-0: Ball
1-0: Fly out, F8 (Flyball, 8RM, EV 93.1 MPH)
Batting: RHB Mike Bates 0-0: Swinging Strike
0-1: Ball
1-1: Ball
2-1: Ball
3-1: SINGLE (Line Drive, 8RS, EV 99.4 MPH)
Batting: RHB Steve Jordan 0-0: Ball
Mike Bates steals 2nd base
1-0: Ball
2-0: Foul Ball, location: 2F
2-1: Foul Ball, location: 2F
2-2: Ball
3-2: Strikes out swinging
Batting: RHB Eisse Bravenboer 0-0: Ball
1-0: Ball
2-0: Ball
3-0: Called Strike
3-1: Called Strike
3-2: Ground out 4-3 (Groundball, 4, EV 83.8 MPH)
Top of the 1st over - 0 runs, 1 hit, 0 errors, 1 left on base; Pittsburgh 0 - Minnesota 0
BOTTOM OF THE 1ST
Minnesota Twins batting - Pitching for Pittsburgh Pirates : RHP Ryan Sunday
Pitching: RHP Ryan Sunday
Batting: RHB Danny Miramontes 0-0: Foul Ball, location: 2F
0-1: Foul Ball, location: 2F
0-2: Ball
1-2: SOLO HOME RUN (Flyball, 9D, EV 105.0 MPH), Distance : 405 ft
Batting: LHB Joel Kunkler 0-0: Ball
1-0: Called Strike
1-1: Ball
2-1: Foul Ball, location: 2F
2-2: Ground out 4-3 (Groundball, 4, EV 105.6 MPH)
Batting: RHB Hildo Pot 0-0: Ball
1-0: Ball
2-0: Called Strike
2-1: Foul Ball, location: 2F
2-2: SINGLE (Line Drive, 4M, EV 98.8 MPH)
Batting: RHB Matthew Starr 0-0: Ball
Hildo Pot is caught stealing 2nd base 2-4
1-0: Ball
2-0: Called Strike
2-1: Ground out 4-3 (Groundball, 4, EV 98.1 MPH)
Bottom of the 1st over - 1 run, 2 hits, 0 errors, 0 left on base; Pittsburgh 0 - Minnesota 1
TOP OF THE 2ND
Pittsburgh Pirates batting - Pitching for Minnesota Twins : LHP Michael Colin
Batting: RHB Tommie Eaton 0-0: Ball
1-0: Ball
2-0: Ball
3-0: Called Strike
3-1: Called Strike
3-2: Foul Ball, location: 2F
3-2: Base on Balls
Batting: LHB Theodore Conboy 0-0: Ball
1-0: Ball
2-0: Ball
3-0: Called Strike
3-1: Grounds into double play, 6-4-3 (Groundball, 6, EV 95.6 MPH)
Batting: RHB Andrew Robinson 0-0: Called Strike
0-1: Ball
1-1: Ball
2-1: Ball
3-1: Base on Balls
Batting: RHB David Contreras 0-0: Swinging Strike
0-1: Ball
1-1: Ball
2-1: Ball
3-1: Base on Balls
Andrew Robinson to second
Batting: SHB Brad Day 0-0: Ball
1-0: Foul Ball, location: 2F
1-1: Ball
2-1: Ball
3-1: SINGLE (Groundball, 5S, EV 66.9 MPH) (infield hit)
Andrew Robinson to third
David Contreras to second
Batting: SHB Marvin McAleer 0-0: Ball
1-0: Ball
2-0: Foul Ball, location: 2F
2-1: GRAND SLAM HOME RUN (Flyball, 8LXD, EV 117.5 MPH), Distance : 463 ft
Batting: RHB Mike Bates 0-0: Ball
1-0: Ball
2-0: Foul Ball, location: 2F
2-1: Ground out 4-3 (Groundball, 4, EV 103.8 MPH)
Top of the 2nd over - 4 runs, 2 hits, 0 errors, 0 left on base; Pittsburgh 4 - Minnesota 1
BOTTOM OF THE 2ND
Minnesota Twins batting - Pitching for Pittsburgh Pirates : RHP Ryan Sunday
Batting: RHB Jesse Scott 0-0: Ball
1-0: Swinging Strike
1-1: Ball
2-1: Ball
3-1: Swinging Strike
3-2: Base on Balls
Batting: RHB Yonetoshi Muranaka 0-0: Foul Ball, location: 2F
0-1: Ball
1-1: Ball
2-1: Grounds into double play, 6-4-3 (Groundball, 6, EV 81.2 MPH)
Batting: RHB Tony Rivera 0-0: Called Strike
0-1: Ball
1-1: Ball
2-1: Foul Ball, location: 2F
2-2: Strikes out swinging
Bottom of the 2nd over - 0 runs, 0 hits, 0 errors, 0 left on base; Pittsburgh 4 - Minnesota 1
TOP OF THE 3RD
Pittsburgh Pirates batting - Pitching for Minnesota Twins : LHP Michael Colin
Batting: RHB Steve Jordan 0-0: Foul Ball, location: 2F
0-1: Called Strike
0-2: Ball
1-2: Fly out, F9 (Flyball, 9D, EV 96.2 MPH)
Batting: RHB Eisse Bravenboer 0-0: Ball
1-0: Ball
2-0: Ball
3-0: Base on Balls
Batting: RHB Tommie Eaton 0-0: Ball
Eisse Bravenboer is caught stealing 2nd base 2-4
1-0: SINGLE (Line Drive, 7LM, EV 100.0 MPH)
Batting: LHB Theodore Conboy 0-0: Ball
1-0: SINGLE (Line Drive, 8RS, EV 105.0 MPH)
Tommie Eaton to second
Batting: RHB Andrew Robinson 0-0: Reached on error, E7 (Flyball, 78M, EV 85.0 MPH)
Tommie Eaton scores
Theodore Conboy to third
Batting: RHB David Contreras 0-0: Called Strike
0-1: Ball
1-1: Ball
2-1: Called Strike
2-2: Ball
3-2: Strikes out swinging
Top of the 3rd over - 1 run, 2 hits, 1 error, 2 left on base; Pittsburgh 5 - Minnesota 1
BOTTOM OF THE 3RD
Minnesota Twins batting - Pitching for Pittsburgh Pirates : RHP Ryan Sunday
Batting: RHB Väinö Tapaninen 0-0: Ball
1-0: Ground out 5-3 (Groundball, 56, EV 115.0 MPH)
Batting: RHB Sifaks Warui 0-0: Ball
1-0: Ball
2-0: Ball
3-0: Called Strike
3-1: Foul Ball, location: 2F
3-2: Foul Ball, location: 2F
3-2: SINGLE (Groundball, 6MD, EV 103.8 MPH)
Batting: RHB Danny Miramontes 0-0: Foul Ball, location: 2F
0-1: Ball
1-1: Ball
2-1: Foul Ball, location: 2F
2-2: Grounds into double play, 6-4-3 (Groundball, 6, EV 81.2 MPH)
Bottom of the 3rd over - 0 runs, 1 hit, 0 errors, 0 left on base; Pittsburgh 5 - Minnesota 1
TOP OF THE 4TH
Pittsburgh Pirates batting - Pitching for Minnesota Twins : LHP Michael Colin
Batting: SHB Brad Day 0-0: Called Strike
0-1: Ball
1-1: Fly out, F8 (Flyball, 8RD, EV 91.2 MPH)
Batting: SHB Marvin McAleer 0-0: Called Strike
0-1: Ball
1-1: Fly out, F8 (Flyball, 8LM, EV 83.8 MPH)
Batting: RHB Mike Bates 0-0: Ball
1-0: Ball
2-0: Swinging Strike
2-1: Ball
3-1: Base on Balls
Batting: RHB Steve Jordan 0-0: Ball
1-0: Called Strike
1-1: Ball
2-1: Ball
3-1: Base on Balls
Mike Bates to second
Batting: RHB Eisse Bravenboer 0-0: Ball
Mike Bates steals 3rd base
1-0: Ball
2-0: Ball
3-0: Base on Balls
Steve Jordan to second
Batting: RHB Tommie Eaton 0-0: Ball
1-0: Ball
2-0: SINGLE (Line Drive, 89S, EV 100.0 MPH)
Mike Bates scores
Steve Jordan to third
Eisse Bravenboer to second
Runner from 3rd tries for Home, SAFE, throw by RF to home
Pitching: RHP Keeley Schenk
Batting: LHB Theodore Conboy 0-0: Ball
1-0: Foul Ball, location: 2F
1-1: Swinging Strike
1-2: Ball
2-2: Ball
3-2: Fly out, F8 (Flyball, 8LXD, EV 101.2 MPH)
Top of the 4th over - 2 runs, 1 hit, 0 errors, 2 left on base; Pittsburgh 7 - Minnesota 1
BOTTOM OF THE 4TH
Minnesota Twins batting - Pitching for Pittsburgh Pirates : RHP Ryan Sunday
Batting: LHB Joel Kunkler 0-0: Ball
1-0: Ball
2-0: Ball
3-0: Base on Balls
Batting: RHB Hildo Pot 0-0: Grounds into double play, 4-6-3 (Groundball, 4S, EV 89.4 MPH)
Batting: RHB Matthew Starr 0-0: Called Strike
0-1: Ball
1-1: Foul Ball, location: 2F
1-2: Strikes out looking
Bottom of the 4th over - 0 runs, 0 hits, 0 errors, 0 left on base; Pittsburgh 7 - Minnesota 1
TOP OF THE 5TH
Pittsburgh Pirates batting - Pitching for Minnesota Twins : RHP Keeley Schenk
Batting: RHB Andrew Robinson 0-0: Ball
1-0: SOLO HOME RUN (Flyball, 7D, EV 95.6 MPH), Distance : 370 ft
Batting: RHB David Contreras 0-0: Ball
1-0: Foul Ball, location: 2F
1-1: Ball
2-1: Fly out, F7 (Flyball, 7S, EV 89.4 MPH)
Batting: SHB Brad Day 0-0: Ball
1-0: Ball
2-0: Called Strike
2-1: Foul Ball, location: 2F
2-2: Ball
3-2: Base on Balls
Batting: SHB Marvin McAleer 0-0: Fly out, F9 (Flyball, 89XD, EV 96.2 MPH)
Batting: RHB Mike Bates 0-0: Ball
1-0: Swinging Strike
1-1: Ball
2-1: Foul Ball, location: 2F
2-2: Ground out 5-3 (Groundball, 56S, EV 90.0 MPH)
Top of the 5th over - 1 run, 1 hit, 0 errors, 1 left on base; Pittsburgh 8 - Minnesota 1
BOTTOM OF THE 5TH
Minnesota Twins batting - Pitching for Pittsburgh Pirates : RHP Ryan Sunday
Batting: RHB Jesse Scott 0-0: Ball
1-0: Ground out 6-3 (Groundball, 6, EV 92.5 MPH)
Batting: RHB Yonetoshi Muranaka 0-0: Ball
1-0: Ball
2-0: Ball
3-0: Base on Balls
Batting: RHB Tony Rivera 0-0: Called Strike
0-1: Called Strike
0-2: Foul Ball, location: 2F
0-2: Foul Ball, location: 2F
0-2: Fly out, F9 (Flyball, 9LM, EV 85.6 MPH)
Batting: RHB Väinö Tapaninen 0-0: Ball
1-0: Swinging Strike
1-1: Ball
2-1: Ball
Pickoff Throw by Catcher to First - Out!
Bottom of the 5th over - 0 runs, 0 hits, 0 errors, 0 left on base; Pittsburgh 8 - Minnesota 1
TOP OF THE 6TH
Pittsburgh Pirates batting - Pitching for Minnesota Twins : RHP Keeley Schenk
Batting: RHB Steve Jordan 0-0: Ball
1-0: Foul Ball, location: 2F
1-1: Ball
2-1: Ball
3-1: Swinging Strike
3-2: Fly out, F8 (Flyball, 8RM, EV 85.6 MPH)
Batting: RHB Eisse Bravenboer 0-0: Ball
1-0: Ball
2-0: Called Strike
2-1: Foul Ball, location: 2F
2-2: Ground out 4-3 (Groundball, 4M, EV 100.0 MPH)
Batting: RHB Tommie Eaton 0-0: Ball
1-0: Foul Ball, location: 2F
1-1: Ball
2-1: SOLO HOME RUN (Flyball, 7D, EV 93.8 MPH), Distance : 369 ft
Batting: LHB Theodore Conboy 0-0: Ball
1-0: Ball
2-0: Ball
3-0: Base on Balls
Pitching: RHP Isaac Slack
Batting: RHB Andrew Robinson 0-0: Ball
1-0: Swinging Strike
1-1: Foul Ball, location: 2F
1-2: Ball
2-2: Ball
3-2: Foul Ball, location: 2F
3-2: SINGLE (Groundball, 56D, EV 106.2 MPH)
Theodore Conboy to second
Theodore Conboy to third
Batting: RHB David Contreras 0-0: Called Strike
0-1: Fielders Choice at 2nd, 5-4 (Groundball, 56, EV 90.6 MPH)
Top of the 6th over - 1 run, 2 hits, 0 errors, 2 left on base; Pittsburgh 9 - Minnesota 1
BOTTOM OF THE 6TH
Minnesota Twins batting - Pitching for Pittsburgh Pirates : RHP Ryan Sunday
Batting: RHB Väinö Tapaninen 0-0: Ball
1-0: Called Strike
1-1: Ball
2-1: Fly out, F8 (Line Drive, 8RD, EV 92.5 MPH)
Batting: RHB Sifaks Warui 0-0: Swinging Strike
0-1: Ball
1-1: Called Strike
1-2: Strikes out swinging
Batting: RHB Danny Miramontes 0-0: Called Strike
0-1: Ball
1-1: Ball
2-1: Called Strike
2-2: Foul Ball, location: 2F
2-2: SINGLE (Line Drive, 9LM, EV 101.9 MPH)
Batting: LHB Joel Kunkler 0-0: Called Strike
0-1: Ball
1-1: Called Strike
1-2: Ball
2-2: Ball
3-2: Strikes out swinging
Bottom of the 6th over - 0 runs, 1 hit, 0 errors, 1 left on base; Pittsburgh 9 - Minnesota 1
TOP OF THE 7TH
Pittsburgh Pirates batting - Pitching for Minnesota Twins : RHP Isaac Slack
Batting: SHB Brad Day 0-0: Ball
1-0: Ball
2-0: Fly out, F9 (Flyball, 9LM, EV 88.8 MPH)
Batting: SHB Marvin McAleer 0-0: Foul Ball, location: 2F
0-1: SOLO HOME RUN (Flyball, 9D, EV 98.1 MPH), Distance : 385 ft
Batting: RHB Mike Bates 0-0: Ball
1-0: Foul Ball, location: 2F
1-1: Called Strike
1-2: Strikes out swinging
Pitching: RHP Ryan Bushey
Batting: RHB Steve Jordan 0-0: Swinging Strike
0-1: Ball
1-1: Ball
2-1: Ground out 6-3 (Groundball, 6S, EV 73.8 MPH)
Top of the 7th over - 1 run, 1 hit, 0 errors, 0 left on base; Pittsburgh 10 - Minnesota 1
BOTTOM OF THE 7TH
Minnesota Twins batting - Pitching for Pittsburgh Pirates : RHP Ryan Sunday
Pitching: RHP Josh Allport
Batting: RHB Hildo Pot 0-0: Called Strike
0-1: Swinging Strike
0-2: Ball
1-2: Ball
2-2: Ground out 5-3 (Groundball, 56S, EV 93.8 MPH)
Batting: RHB Matthew Starr 0-0: Swinging Strike
0-1: Ball
1-1: Ball
2-1: Swinging Strike
2-2: Strikes out looking
Batting: RHB Jesse Scott 0-0: Ball
1-0: Ball
2-0: Fly out, F7 (Line Drive, 7, EV 91.9 MPH)
Bottom of the 7th over - 0 runs, 0 hits, 0 errors, 0 left on base; Pittsburgh 10 - Minnesota 1
TOP OF THE 8TH
Pittsburgh Pirates batting - Pitching for Minnesota Twins : RHP Ryan Bushey
Pinch Hitting: RHB Mike Thornton 0-0: Ball
1-0: Ground out 5-3 (Groundball, 5, EV 84.4 MPH)
Batting: RHB Tommie Eaton 0-0: Ball
1-0: Swinging Strike
1-1: Fly out, F8 (Flyball, 8RXD, EV 96.9 MPH)
Batting: LHB Theodore Conboy 0-0: Ball
1-0: Fly out, F9 (Flyball, 89D, EV 100.0 MPH)
Top of the 8th over - 0 runs, 0 hits, 0 errors, 0 left on base; Pittsburgh 10 - Minnesota 1
BOTTOM OF THE 8TH
Minnesota Twins batting - Pitching for Pittsburgh Pirates : RHP Josh Allport
Now at 1B: Mike Thornton
Batting: RHB Yonetoshi Muranaka 0-0: Called Strike
0-1: Ball
1-1: Foul Ball, location: 2F
1-2: Strikes out swinging
Batting: RHB Tony Rivera 0-0: Fly out, F9 (Flyball, 9D, EV 100.6 MPH)
Batting: RHB Väinö Tapaninen 0-0: Ball
1-0: Swinging Strike
1-1: Ball
2-1: Ball
3-1: Called Strike
3-2: Base on Balls
Batting: RHB Sifaks Warui 0-0: Ball
1-0: Foul Ball, location: 2F
1-1: Foul Ball, location: 2F
1-2: Foul Ball, location: 2F
1-2: Strikes out swinging
Bottom of the 8th over - 0 runs, 0 hits, 0 errors, 1 left on base; Pittsburgh 10 - Minnesota 1
TOP OF THE 9TH
Pittsburgh Pirates batting - Pitching for Minnesota Twins : RHP Ryan Bushey
Batting: RHB Andrew Robinson 0-0: Ball
1-0: Ball
2-0: Called Strike
2-1: Ball
3-1: Base on Balls
Batting: RHB David Contreras 0-0: Ball
1-0: Ball
2-0: Called Strike
2-1: Ball
3-1: Base on Balls
Andrew Robinson to second
Batting: SHB Brad Day 0-0: Called Strike
0-1: Ball
1-1: Foul Ball, location: 2F
1-2: Strikes out looking
Batting: SHB Marvin McAleer 0-0: Ball
1-0: Ball
2-0: Called Strike
2-1: Ball
3-1: Foul Ball, location: 2F
3-2: Strikes out swinging
Batting: RHB Mike Bates 0-0: Called Strike
0-1: Foul Ball, location: 2F
0-2: Foul Ball, location: 2F
0-2: Strikes out swinging
Top of the 9th over - 0 runs, 0 hits, 0 errors, 2 left on base; Pittsburgh 10 - Minnesota 1
BOTTOM OF THE 9TH
Minnesota Twins batting - Pitching for Pittsburgh Pirates : RHP Josh Allport
Batting: RHB Danny Miramontes 0-0: Ball
1-0: Ball
2-0: Foul Ball, location: 2F
2-1: SINGLE (Groundball, 4MD, EV 101.2 MPH)
Batting: LHB Joel Kunkler 0-0: Grounds into double play, 5-4-3 (Groundball, 56, EV 100.0 MPH)
Batting: RHB Hildo Pot 0-0: Ball
1-0: Ball
2-0: Swinging Strike
2-1: Foul Ball, location: 2F
2-2: Ball
3-2: Base on Balls
Batting: RHB Matthew Starr 0-0: Called Strike
0-1: Ball
1-1: Called Strike
1-2: Strikes out swinging
Bottom of the 9th over - 0 runs, 1 hit, 0 errors, 1 left on base; Pittsburgh 10 - Minnesota 1
Wednesday, June 22nd , 2022 - OOTP Baseball 23.4 Build 64